 Dungeon Crawl Stone Soup version 0.28-a0-1130-gc51a68064b (webtiles) character file.

Game seed: 14859911234868999995

2147 devnull the Fighter (level 9, -5/82 HPs)
             Began as a Ghoul Monk on Dec 12, 2021.
             Was a Believer of Makhleb.
             Slain by Duvessa (8 damage)
             ... on level 7 of the Dungeon.
             The game lasted 00:25:13 (9426 turns).

devnull the Fighter (Ghoul Monk)                    Turns: 9426, Time: 00:25:14

Health: -5/82      AC: 10    Str: 19    XL:     9   Next: 31%
Magic:  8/8        EV: 13    Int:  5    God:    Makhleb [**....]
Gold:   121        SH:  0    Dex: 11    Spells: 8/8 levels left

rFire   + . .      SeeInvis .   r - +5 short sword "devnull's Death" {vamp, rF+}
rCold   + . .      Faith    .   (no shield)
rNeg    + + +      Spirit   .   q - +2 ring mail {rN+}
rPois   ∞          Reflect  .   l - +1 helmet
rElec   .          Harm     .   f - +0 cloak
rCorr   .          Rampage  .   (no gloves)
Will    .....                   (no boots)
Stlth   +.........              (no amulet)
HPRegen 0.00/turn               u - +2 ring of slaying
MPRegen 0.11/turn               (no ring)

@: inhibited regen
A: claws 1, cold resistance 1, negative energy resistance 3, inhibited
regeneration, torment resistance 2
a: Renounce Religion, Minor Destruction


You were on level 7 of the Dungeon.
You worshipped Makhleb.
Makhleb was pleased with you.
You visited 2 branches of the dungeon, and saw 8 of its levels.

You collected 415 gold pieces.
You spent 294 gold pieces at shops.

Inventory:

Hand Weapons
 a - a +0 vorpal hand axe
 b - a +4 hand axe
 r - the +5 short sword "devnull's Death" (weapon) {vamp, rF+}
   (You found it on level 4 of the Dungeon)

   It occasionally heals its wielder for a portion of the damage dealt when it
   wounds a living foe.
   rF:        It protects you from fire.
Missiles
 k - 22 poisoned darts (quivered)
Armour
 f - a +0 cloak (worn)
 l - a +1 helmet (worn)
 q - a +2 ring mail of positive energy (worn)
Jewellery
 u - a +2 ring of slaying (left claw)
Wands
 s - a wand of paralysis (11)
 w - a wand of mindburst (11)
Scrolls
 i - 2 scrolls of noise
 m - a scroll of teleportation {unknown}
 n - a scroll of vulnerability {unknown}
 o - 4 scrolls of enchant armour
 p - 2 scrolls of enchant weapon {unknown}
 t - 2 scrolls of summoning {unknown}
Potions
 d - a potion of ambrosia {unknown}
 g - a potion of haste {unknown}
 h - 2 potions of might {unknown}
 j - 2 potions of mutation {unknown}
 v - a potion of magic {unknown}


   Skills:
 + Level 8.3 Fighting
 - Level 2.7 Axes
 + Level 6.1 Throwing
 + Level 6.9 Dodging
 - Level 2.1 Stealth


You had 8 spell levels left.
You didn't know any spells.
Your spell library contained the following spells:

 Spells                   Type           Power      Damage    Failure   Level
 Ensorcelled Hibernation  Hex/Ice        0%         N/A       80%         2
 Call Canine Familiar     Summ           0%         N/A       95%         3
 Portal Projectile        Hex/Tloc       0%         N/A       95%         3
 Tukima's Dance           Hex            0%         N/A       95%         3
 Leda's Liquefaction      Hex/Erth       0%         N/A       100%        4


Dungeon Overview and Level Annotations

Branches:
Dungeon (7/15)             Temple (1/1) D:6

Altars:
Ashenzari
Cheibriados
Dithmenos
Elyvilon
Fedhas
Gozag
Hepliaklqana
Kikubaaqudgha
Makhleb
Nemelex Xobeh
Okawaru
Qazlal
Ru
Sif Muna
Trog
Uskayaw
Vehumet
Wu Jian
Xom
Yredelemnul
Zin

Shops:
D:5 (   D:6 =

Annotations:
D:4 2 transporters, pigah's ghost, novice OpWn
D:7 Duvessa


Innate Abilities, Weirdness & Mutations

You thrive by killing the living.
You are immune to poison.
You have sharp fingernails.
Your flesh is cold resistant. (rC+)
You are immune to negative energy. (rN+++)
You do not regenerate when monsters are visible.
You are immune to unholy pain and torment.


Message History

Aim: Duvessa, wielding a +0 short sword and wearing a +0 leather armour (heavily wounded, berserk, 69% to hit)
You throw a poisoned dart. The poisoned dart hits Duvessa!
Duvessa is poisoned.
Duvessa is heavily wounded.
Throw: 24 darts (poison)
Press: ? - help, Q - select action, (/) - cycle Shift-Dir - straight line, f/p - Duvessa
Aim: Duvessa, wielding a +0 short sword and wearing a +0 leather armour (heavily wounded, berserk, very poisoned, 69% to hit)
You throw a poisoned dart. The poisoned dart hits Duvessa.
Duvessa looks even sicker.
Duvessa is heavily wounded.
Throw: 23 darts (poison)
Press: ? - help, Q - select action, (/) - cycle Shift-Dir - straight line, f/p - Duvessa
Aim: Duvessa, wielding a +0 short sword and wearing a +0 leather armour (heavily wounded, berserk, very poisoned, 69% to hit)
You throw a poisoned dart. The poisoned dart hits Duvessa.
Duvessa looks as sick as possible!
Duvessa is heavily wounded.
Duvessa rages.
Duvessa rages.
Duvessa hits you with a +0 short sword!
* * * LOW HITPOINT WARNING * * *
You feel better. Duvessa barely misses you. Duvessa barely misses you.
Duvessa misses you. Duvessa hits you with a +0 short sword.
* * * LOW HITPOINT WARNING * * *
You feel better. Duvessa hits you with a +0 short sword.
* * * LOW HITPOINT WARNING * * *
Duvessa barely misses you.
You feel better. Duvessa barely misses you. Duvessa closely misses you.
Duvessa barely misses you. Duvessa hits you with a +0 short sword!
* * * LOW HITPOINT WARNING * * *
You barely miss Duvessa.
Duvessa is almost dead.
Duvessa hits you with a +0 short sword!
* * * LOW HITPOINT WARNING * * *
You puncture Duvessa!
Duvessa is almost dead.
Duvessa hits you with a +0 short sword!
You die...

#######.#.#.#.###.##..#
+.....))#.#.......##..#
##..###.#..........#..#
.##..###.###...###.##..# +#
.......z...z...#.......#######.#
.##..###.###........#..........#
#..# #.# #........##.######..#
#..# #.# #...z....##..# #..# #..#
#.. +...e@...##..## #..#
#.z#####.#........##)..# #..#
#........+.........#.#.####..##
###...####.#...................(.
......# #.........#.#.#..#..##
##..(.# ######...........#....
...(..# #....#.#.#..#...# ##.(#.#
#...........#...# #..#...
#....#.#.#..#...#


You could see Duvessa (berserk, poisoned) and 2 wights.

Vanquished Creatures
  Eustachio (D:4)
  Edmund (D:4)
  A sky beast (D:5)
  An orc warrior (D:7)
  2 necrophages
  3 ogres
  3 phantoms
  A kobold brigand (D:6)
  A bullfrog (D:6)
  A scorpion (D:4)
  Dowan (D:7)
  A howler monkey (D:5)
  A centaur zombie (D:6)
  3 jellies (D:5)
  3 orc priests
  Ijyb (D:4)
  4 hounds
  2 bullfrog skeletons (D:5)
  4 iguanas
  2 orc wizards (D:7)
  A hound skeleton (D:4)
  3 gnolls (D:3)
  8 adders
  A worm (D:3)
  5 dart slugs
  12 orcs
  4 endoplasms
  4 giant cockroaches
  4 goblins
  9 hobgoblins
  10 jackals
  10 kobolds
  5 quokkas
  5 ball pythons
  A bat (D:3)
  2 frilled lizards
  8 rats
129 creatures vanquished.

Notes
Turn   | Place    | Note
-------+----------+-------------------------------------------
     0 | D:1      | devnull the Ghoul Monk began the quest for the Orb.
     0 | D:1      | Reached XP level 1. HP: 19/19 MP: 0/0
   379 | D:1      | Reached XP level 2. HP: 11/26 MP: 1/1
   384 | D:1      | HP: 1/26 [jackal (3)]
  1117 | D:1      | Reached skill level 1 in Throwing
  1181 | D:1      | Reached XP level 3. HP: 33/33 MP: 2/2
  1740 | D:2      | Found a sacrificial altar of Ru.
  2031 | D:2      | Reached skill level 4 in Fighting
  2129 | D:2      | Found a faded altar of an unknown god.
  2145 | D:2      | Reached XP level 4. HP: 38/40 MP: 3/3
  3766 | D:3      | Reached XP level 5. HP: 34/47 MP: 4/4
  4703 | D:4      | Noticed Eustachio
  4720 | D:4      | Killed Eustachio
  4721 | D:4      | Reached skill level 5 in Fighting
  4721 | D:4      | Reached XP level 6. HP: 47/56 MP: 5/5
  4790 | D:4      | Noticed pigah's ghost (novice OpWn)
  4791 | D:4      | Found a transporter.
  4850 | D:4      | Noticed Edmund
  5362 | D:4      | Found a transporter.
  5373 | D:4      | Noticed Ijyb
  5373 | D:4      | Paralysed by Ijyb for 3 turns
  5384 | D:4      | Paralysed by Ijyb for 4 turns
  5393 | D:4      | Paralysed by Ijyb for 5 turns
  5409 | D:4      | Killed Ijyb
  5443 | D:4      | Reached XP level 7. HP: 62/62 MP: 6/6
  5496 | D:4      | Killed Edmund
  5576 | D:4      | Reached skill level 6 in Fighting
  5576 | D:4      | Reached skill level 5 in Dodging
  5857 | D:4      | Identified the +5 short sword "devnull's Death" {vamp, rF+}
  6133 | D:5      | Entered Level 5 of the Dungeon
  6148 | D:5      | Reached XP level 8. HP: 33/71 MP: 7/7
  6536 | D:5      | Found Wunio's Antique Weapon Shoppe.
  6725 | D:5      | Reached skill level 7 in Fighting
  6780 | D:5      | Reached skill level 5 in Throwing
  7813 | D:6      | Found Opluykk's One-of-a-Kind Rings.
  7872 | D:6      | Bought a +2 ring of slaying for 294 gold pieces
  8038 | D:6      | Reached XP level 9. HP: 49/80 MP: 8/8
  8255 | D:6      | Found a staircase to the Ecumenical Temple.
  8302 | Temple   | Entered the Ecumenical Temple
  8690 | Temple   | Became a worshipper of Makhleb the Destroyer
  8690 | Temple   | Reached * piety under Makhleb
  8690 | Temple   | Reached ** piety under Makhleb
  8889 | D:6      | Reached skill level 8 in Fighting
  9354 | D:7      | Noticed Dowan
  9355 | D:7      | Noticed Duvessa
  9373 | D:7      | Killed Dowan
  9425 | D:7      | HP: 3/82 [Duvessa (9)]
  9426 | D:7      | Slain by Duvessa

Illustrated notes

Levels and vault maps discovered:
D:1:      evilmike_arrival_plus, layout_loops_ring
D:2:      layout_loops_cross, basic_altar, basic_ecumenical_altar
D:3:      layout_basic, minmay_misc_feat_cross, minmay_misc_feat_alley
D:4:      kennysheep_six_static_rooms, layout_loops_ring, gammafunk_ghost_arena,
          uniq_edmund, uniq_eustachio, uniq_ijyb
D:5:      layout_layer_cave, serial_shops, nicolae_shop_overgrown_old_shop
D:6:      layout_loops_ring, temple_fountains, nicolae_shop_unique_rings
D:7:      layout_basic, serial_glass, glass_columns_b, glass_columns_b,
          glass_columns_a, uniq_joseph, uniq_duvessa
Temple:   mainiacjoe_temple_trianglar_array

Skill      XL: |  1  2  3  4  5  6  7  8  9 |
---------------+----------------------------+-----
Dodging        | 3 4 5 6 |  6.9
Throwing       | 1 2 3 4 5 6 |  6.1
Fighting       | 4 5 6 7 8 |  8.3
Axes           | |  2.7
Stealth        | |  2.1

Action                   |  1- 3 |  4- 6 |  7- 9 || total
-------------------------+-------+-------+-------++-------
Melee: Unarmed           |   196 |   189 |       ||   385
       Hand axe          |       |    26 |    28 ||    54
       Short sword       |       |       |   236 ||   236
Throw: Dart              |       |    49 |    26 ||    75
  Use: Scroll            |     2 |     4 |     1 ||     7
       Potion            |       |       |     3 ||     3
 Stab: Sleeping          |     2 |     1 |     1 ||     4
Armor: Robe              |    36 |       |       ||    36
       Ring mail         |     3 |    75 |   105 ||   183
Dodge: Dodged            |   121 |   132 |   171 ||   424

Table legend: (Time is in decaauts)
 A = Elapsed time spent in this place.
 B = Non-inter-level travel time spent in this place.
 C = Inter-level travel time spent in this place.
 D = Time resting spent in this place.
 E = Time spent auto-exploring this place.
 F = Levels seen in this place.
 G = Mean time per level.
                   A        B        C        D        E       F      G
               +--------+--------+--------+--------+--------+-----+--------+
         Total |   9448 |   9115 |    333 |   1205 |   6271 |   8 | 1181.0 |
       Dungeon |   9038 |   8743 |    295 |   1205 |   5900 |   7 | 1291.1 |
        Temple |    409 |    372 |     37 |      0 |    371 |   1 |  409.0 |
               +--------+--------+--------+--------+--------+-----+--------+

Top non-repeatable levels by time:
     D:1: 2132 daAuts
     D:5: 1636 daAuts
     D:2: 1518 daAuts
     D:3: 1342 daAuts
     D:4: 1146 daAuts
     D:6: 856 daAuts
  Temple: 409 daAuts
     D:7: 407 daAuts
